 Dungeon Crawl Stone Soup version 0.27-a0-1438-g9b7c6745da (webtiles) character file.

Game seed: 15676743425727333482

3719 Delamore the Cruncher (level 10, 0/71 (74) HPs)
             Began as a Formicid Fighter on July 4, 2021.
             Was an Initiate of Gozag.
             Slain by a wight (1 damage)
             ... on level 7 of the Dungeon.
             The game lasted 00:06:12 (9274 turns).

Delamore the Cruncher (Formicid Fighter)            Turns: 9274, Time: 00:06:13

HP:   0/71 (74)     AC:  6    Str: 25    XL:     10   Next: 36%
MP:   10/10         EV: 12    Int:  7    God:    Gozag
Gold: 370           SH:  9    Dex: 10    Spells: 9/9 levels left

rFire    . . .     SeeInvis +   a - +1 quarterstaff
rCold    . . .     Faith    .   c - +0 kite shield
rNeg     . . .     Spirit   .   b - +0 scale mail
rPois    .         Reflect  .   (helmet unavailable)
rElec    .         Harm     .   r - scarf {shadows}
rCorr    .         Rampage  .   (no gloves)
Will     +....                  (no boots)
Stlth    ..........             o - amulet of magic regeneration
HPRegen  0.21/turn              l - +4 ring of evasion
MPRegen  0.37/turn              (no ring)

@: lightly drained
A: permanent stasis, dig shafts and tunnels, antennae 3, four strong arms
a: Dig, Shaft Self, Renounce Religion, Potion Petition, Call Merchant, Bribe
Branch


You were on level 7 of the Dungeon.
You worshipped Gozag.
Gozag was aware of your devotion.
You visited 2 branches of the dungeon, and saw 8 of its levels.

You collected 440 gold pieces.
You paid 70 gold pieces to Gozag.

Inventory:

Hand Weapons
 a - a +1 quarterstaff (weapon)
Missiles
 j - 25 poisoned darts
 m - 25 boomerangs (quivered)
Armour
 b - a +0 scale mail (worn)
 c - a +0 kite shield (worn)
 n - a +0 tower shield
 q - a +0 cloak
 r - a scarf of shadows (worn)
Jewellery
 l - a +4 ring of evasion (left hand)
 o - an amulet of magic regeneration (around neck)
Scrolls
 p - a scroll of silence
Potions
 d - a potion of flight {unknown}
 e - 2 potions of berserk rage
 f - 2 potions of curing
 g - 2 potions of lignification {unknown}
 h - a potion of brilliance {unknown}
 i - a potion of haste {unknown}
 k - a potion of heal wounds
 s - a potion of magic {unknown}


   Skills:
 - Level 5.0 Fighting
 * Level 13.4 Staves
 - Level 3.2 Armour
 - Level 3.6 Shields


You had 9 spell levels left.
You didn't know any spells.
Your spell library contained the following spells:

 Spells                   Type           Power      Damage    Failure   Level
 Poisonous Vapours        Pois/Air       0%         N/A       99%         2
 Slow                     Hex            0%         N/A       99%         2
 Confusing Touch          Hex            0%         N/A       100%        3
 Mephitic Cloud           Conj/Pois/Air  0%         N/A       100%        3
 Ozocubu's Armour         Ice            0%         N/A       100%        3
 Summon Lightning Spire   Summ/Air       0%         N/A       100%        4
 Freezing Cloud           Conj/Ice/Air   0%         6-21      100%        5
 Metabolic Englaciation   Hex/Ice        0%         N/A       100%        5
 Yara's Violent Unravell  Hex/Tmut       0%         3d3       100%        5
 Dispersal                Tloc           0%         N/A       100%        6
 Simulacrum               Ice/Necr       0%         N/A       100%        6
 Storm Form               Tmut/Air       0%         N/A       100%        7
 Disjunction              Tloc           0%         N/A       100%        8
 Maxwell's Capacitive Co  Air            0%         ∞         100%        8


Dungeon Overview and Level Annotations

Branches:
Dungeon (7/15)             Temple (1/1) D:5

Altars:
Ashenzari
Cheibriados
Dithmenos
Elyvilon
Fedhas
Gozag
Hepliaklqana
Kikubaaqudgha
Makhleb
Nemelex Xobeh
Okawaru
Qazlal
Sif Muna
Trog
Uskayaw
Vehumet
Wu Jian
Xom
Yredelemnul
Zin
The Shining One

Shops:
D:5 [


Innate Abilities, Weirdness & Mutations

You cannot be hasted, slowed, berserked, paralysed or teleported.
You can dig through walls and to a lower floor.
You have a pair of large antennae on your head. (SInv)
Your four strong arms can wield two-handed weapons with a shield.


Message History

The wight hits you from afar with a +2 halberd of freezing.
The wight freezes you.
You swing at nothing.
You block the wight's attack.
You swing at nothing.
The wight barely misses you.
You swing at nothing.
You block the wight's attack.
You swing at nothing.
You swing at nothing.
The wight hits you from afar with a +2 halberd of freezing.
You feel drained. The wight freezes you.
You swing at nothing.
The wight barely misses you.
You swing at nothing.
The wight hits you from afar with a +2 halberd of freezing!
The wight freezes you.
You swing at nothing.
You block the wight's attack.
You swing at nothing.
You swing at nothing.
You block the wight's attack.
You swing at nothing.
The wight barely misses you.
You swing at nothing.
The wight hits you from afar with a +2 halberd of freezing!
* * * LOW HITPOINT WARNING * * *
The wight freezes you.
* * * LOW HITPOINT WARNING * * *
You swing at nothing.
You block the wight's attack.
You swing at nothing.
The wight hits you from afar with a +2 halberd of freezing.
* * * LOW HITPOINT WARNING * * *
You feel drained.
* * * LOW HITPOINT WARNING * * *
The wight freezes you.
* * * LOW HITPOINT WARNING * * *
You swing at nothing.
You retract your mandibles.
You block the wight's attack.
Things that are here:
5 gold pieces; a +2 whip of flaming; a +0 robe You barely miss the wight.
The wight hits you with a +2 halberd of freezing!
* * * LOW HITPOINT WARNING * * *
The wight freezes you.
You die...
Your body crumbles into a pile of gold.

#### ##..##
#....# #.<.##
####....#
##.##....#
#@###..#.##
#z##...#..#
...###......#.###
#.........#...#
...........###..#
.5z##....#####..#
.. ##.#.###...##
. ###.......#
....#...##


You could see a wight.

Vanquished Creatures
  Pikel (D:7)
  Maggie (D:6)
  Prince Ribbit (D:6)
  Grinder (D:6)
  Duvessa (D:6)
  2 water moccasins
  A sky beast (D:6)
  An ice beast (D:5)
  2 black bears
  2 necrophages
  2 ogres (D:5)
  A lemure (D:7)
  3 centaurs
  2 scorpions
  2 bullfrogs
  A gnoll sergeant (D:4)
  Dowan (D:6)
  4 wights (D:6)
  A howler monkey (D:5)
  A bullfrog zombie (D:6)
  A centaur zombie (D:3)
  3 hounds
  3 jellies
  A gnoll shaman (D:7)
  3 iguanas
  Terence (D:2)
  4 orc wizards
  3 hound skeletons (D:4)
  Robin (D:3)
  12 gnolls
  7 adders
  2 worms
  A dart slug (D:5)
  23 orcs
  7 ball pythons
  5 bats
  6 endoplasms
  3 giant cockroaches
  11 goblins
  8 hobgoblins
  4 kobolds
  3 quokkas
  2 frilled lizards
  A quokka skeleton (D:4)
  6 rats
152 creatures vanquished.

Vanquished Creatures (others)
  25 plants (D:3)
25 creatures vanquished.

Grand Total: 177 creatures vanquished

Notes
Turn   | Place    | Note
-------+----------+-------------------------------------------
     0 | D:1      | Delamore the Formicid Fighter began the quest for the Orb.
     0 | D:1      | Reached XP level 1. HP: 18/18 MP: 1/1
    70 | D:1      | Found a faded altar of an unknown god.
   239 | D:1      | Reached XP level 2. HP: 20/24 MP: 2/2
  1149 | D:2      | Noticed Terence
  1158 | D:2      | Killed Terence
  1159 | D:2      | Reached skill level 3 in Staves
  1159 | D:2      | Reached XP level 3. HP: 26/30 MP: 3/3
  1436 | D:2      | Reached XP level 4. HP: 37/37 MP: 4/4
  1967 | D:3      | Noticed a centaur
  1973 | D:3      | Killed a centaur
  1974 | D:3      | Reached skill level 4 in Staves
  1974 | D:3      | Reached XP level 5. HP: 33/43 MP: 5/5
  2051 | D:3      | Noticed a bullfrog
  2061 | D:3      | Killed a bullfrog
  2062 | D:3      | Reached XP level 6. HP: 37/49 MP: 6/6
  2081 | D:3      | Reached skill level 5 in Staves
  2150 | D:3      | Reached skill level 5 in Fighting
  2545 | D:3      | Noticed Robin
  2552 | D:3      | Killed Robin
  2701 | D:3      | Found a shimmering altar of Xom.
  2885 | D:4      | Found a white marble altar of Elyvilon.
  3039 | D:4      | Found a radiant altar of Vehumet.
  3345 | D:4      | Reached skill level 6 in Staves
  3345 | D:4      | Reached XP level 7. HP: 52/56 MP: 7/7
  3542 | D:4      | Found a burning altar of Makhleb.
  3590 | D:4      | Reached skill level 7 in Staves
  3728 | D:4      | Found a blossoming altar of Fedhas.
  3979 | D:5      | Entered Level 5 of the Dungeon
  4260 | D:5      | Reached XP level 8. HP: 50/62 MP: 8/8
  4338 | D:5      | Reached skill level 8 in Staves
  4620 | D:5      | Reached skill level 9 in Staves
  5287 | D:5      | Found an ornate altar of the Wu Jian Council.
  5287 | D:5      | Found a sparkling altar of Nemelex Xobeh.
  5292 | D:5      | Found a transporter.
  5294 | D:5      | Noticed a troll
  5301 | D:5      | Found a transporter.
  5389 | D:5      | Found a staircase to the Ecumenical Temple.
  5392 | D:5      | Found Ilyu's Armour Shoppe.
  5408 | Temple   | Entered the Ecumenical Temple
  5450 | Temple   | Became a worshipper of Gozag Ym Sagoz the Greedy
  5680 | D:5      | Reached skill level 10 in Staves
  5680 | D:5      | Reached XP level 9. HP: 66/68 MP: 9/9
  6110 | D:6      | Noticed Prince Ribbit
  6123 | D:6      | Killed Prince Ribbit
  6332 | D:6      | Reached skill level 11 in Staves
  6680 | D:6      | Noticed Maggie
  6699 | D:6      | Killed Maggie
  7080 | D:6      | Found a glowing golden altar of the Shining One.
  7128 | D:6      | Reached skill level 12 in Staves
  7289 | D:6      | Noticed Grinder
  7304 | D:6      | Killed Grinder
  7491 | D:6      | Reached XP level 10. HP: 74/74 MP: 10/10
  7523 | D:6      | Noticed Duvessa
  7523 | D:6      | Noticed Dowan
  7548 | D:6      | Killed Duvessa
  7561 | D:6      | Killed Dowan
  9019 | D:7      | Found a shimmering blue altar of Sif Muna.
  9049 | D:7      | Reached skill level 13 in Staves
  9220 | D:7      | Noticed Pikel
  9250 | D:7      | Killed Pikel
  9274 | D:7      | HP: 1/71 [wight (7)]
  9274 | D:7      | Slain by a wight

Illustrated notes

Levels and vault maps discovered:
D:1:      dpeg_arrival_arbitrary_a, layout_loops_corners,
          chequers_ecumenical_altar_simple
D:2:      layout_basic, uniq_terence
D:3:      layout_rooms, lemuel_doored_altar, serial_bayou_lake_a, uniq_robin
D:4:      layout_gridville, nicolae_vehumet_radiance, kennysheep_little_box,
          fedhas_altar_3, makhleb_blood_cavern_becter,
          minmay_misc_feat_four_crosses
D:5:      layout_gridville, gammafunk_temple_overflow_arena,
          minmay_temple_entry_glassed_door, serial_shops,
          nicolae_shop_competitors_out_of_business, minmay_circle_x
D:6:      layout_gridville, nicolae_tso_swordbearing_angel,
          minmay_misc_feat_alley, uniq_maggie, uniq_duvessa, uniq_grinder,
          uniq_prince_ribbit1
D:7:      layout_cave_pools, nicolae_sif_muna_little_library, uniq_pikel
Temple:   minmay_temple_bridge_abc

Skill      XL: |  1  2  3  4  5  6  7  8  9 10 |
---------------+-------------------------------+-----
Staves         | 3 4 6 7 10 12 13 | 13.4
Fighting       | 4 5 |  5.0
Armour         | |  3.2
Shields        | |  3.6

Action                   |  1- 3 |  4- 6 |  7- 9 | 10-12 || total
-------------------------+-------+-------+-------+-------++-------
Melee: Quarterstaff      |    51 |   174 |   269 |   115 ||   609
Throw: Dart              |       |     1 |       |       ||     1
       Boomerang         |       |       |       |     3 ||     3
 Abil: Dig               |       |       |     1 |     5 ||     6
  Use: Scroll            |     2 |     2 |     4 |       ||     8
       Potion            |       |       |     3 |       ||     3
Armor: Scale mail        |    12 |    45 |    68 |    16 ||   141
Dodge: Dodged            |    22 |    74 |   142 |    42 ||   280
Block: Kite shield       |    20 |    80 |   151 |    59 ||   310

Table legend: (Time is in decaauts)
 A = Elapsed time spent in this place.
 B = Non-inter-level travel time spent in this place.
 C = Inter-level travel time spent in this place.
 D = Time resting spent in this place.
 E = Time spent auto-exploring this place.
 F = Levels seen in this place.
 G = Mean time per level.
                   A        B        C        D        E       F      G
               +--------+--------+--------+--------+--------+-----+--------+
         Total |   9374 |   9087 |    287 |   1742 |   6049 |   8 | 1171.8 |
       Dungeon |   9311 |   9043 |    268 |   1742 |   6012 |   7 | 1330.1 |
        Temple |     62 |     43 |     19 |      0 |     37 |   1 |   62.0 |
               +--------+--------+--------+--------+--------+-----+--------+

Top non-repeatable levels by time:
     D:6: 2683 daAuts
     D:4: 1689 daAuts
     D:5: 1564 daAuts
     D:1: 1008 daAuts
     D:2: 983 daAuts
     D:3: 906 daAuts
     D:7: 474 daAuts
  Temple: 62 daAuts
